 Dungeon Crawl Stone Soup version 0.23.1 (webtiles) character file.

Game seed: 14587399071500407247

58 Borgoz the Sneak (level 4, -1/35 HPs)
             Began as a Ghoul Enchanter on Mar 2, 2019.
             Slain by a giant cockroach (2 damage)
             ... on level 2 of the Dungeon.
             The game lasted 00:04:30 (2134 turns).

Borgoz the Sneak (Ghoul Enchanter)                  Turns: 2134, Time: 00:04:30

Health: -1/35      AC:  3    Str:  9 (11) XL:     4   Next: 2%
Magic:  3/5        EV: 17    Int:  9 (10) God:
Gold:   100        SH:  0    Dex: 13 (15) Spells: 3/6 levels left

rFire    . . .     SeeInvis .   m - +0 dagger (curse)
rCold    + . .     Gourm    .   (no shield)
rNeg     + + +     Faith    .   c - +0 leather armour
rPois    ∞         Spirit   .   (no helmet)
rElec    .         Reflect  .   (no cloak)
rCorr    .         Harm     .   (no gloves)
MR       .....                  (no boots)
Stlth    +++.......             (no amulet)
HPRegen  0.00/turn              (no ring)
MPRegen  0.09/turn              (no ring)

@: agile, rotting
A: rotting body, claws 1, carnivore, cold resistance 1, negative energy
resistance 3, inhibited regeneration, torment resistance, unbreathing
a: no special abilities


You were on level 2 of the Dungeon.
You were not hungry.

You visited 1 branch of the dungeon, and saw 3 of its levels.

You collected 100 gold pieces.

Inventory:

Hand Weapons
 f - a +0 rapier
 j - a +0 short sword
 m - a cursed +0 dagger (weapon)
Missiles
 e - 5 tomahawks (quivered)
 n - 14 poisoned needles
Armour
 b - a +0 robe
 c - a +0 leather armour (worn)
Jewellery
 g - an uncursed amulet of harm {unknown}
Scrolls
 i - a scroll of remove curse {unknown}
Potions
 h - a potion of haste
Comestibles
 d - 2 rations


   Skills:
 + Level 1.2 Fighting
 * Level 2.0 Short Blades
 * Level 2.6 Dodging
 + Level 3.7 Stealth
 - Level 1.7 Spellcasting
 - Level 2.4 Hexes


You had 3 spell levels left.
You knew the following spells:

 Your Spells              Type           Power        Failure   Level  Hunger
a - Corona                Hex            #......      19%         1    ##.....
b - Ensorcelled Hibernat  Hex/Ice        #.....       41%         2    ###....

Your spell library contained the following spells:

 Spells                   Type           Power        Failure   Level  Hunger
 Confuse                  Hex            #.......     47%         3    ####...
 Tukima's Dance           Hex            #.......     47%         3    ####...
 Dazzling Spray           Conj/Hex       #.....       65%         3    ####...


Dungeon Overview and Level Annotations

Branches:
Dungeon (3/15)

Altars:


Innate Abilities, Weirdness & Mutations

Your body is rotting away.
You thrive on raw meat.
You are immune to poison.
You have sharp fingernails.
You are carnivorous and can eat meat at any time.
Your flesh is cold resistant. (rC+)
You are immune to negative energy. (rN+++)
You do not regenerate when monsters are visible.
You are immune to unholy pain and torment.
You can survive without breathing.


Message History

You hit the giant cockroach but do no damage.
The giant cockroach bites you.
* * * LOW HITPOINT WARNING * * *
You barely miss the giant cockroach. The giant cockroach closely misses you.
You barely miss the giant cockroach. The giant cockroach misses you.
You hit the giant cockroach but do no damage.
The giant cockroach barely misses you.
The giant cockroach bites you but does no damage.
You hit the giant cockroach but do no damage.
The giant cockroach misses you.
You hit the giant cockroach.
The giant cockroach is heavily wounded.
The giant cockroach closely misses you.
You hit the giant cockroach.
The giant cockroach is almost dead.
The giant cockroach barely misses you.
You barely miss the giant cockroach.
The giant cockroach is almost dead.
The giant cockroach bites you.
You die...

##### .. ...# .. .. ...# ..#
. ...#### .#. .##.....# .?
#.#.....# .##l#.#...#
##.#.#@#...# ## #..#.s##...#
.... . #)##.#...###### ###.#
.###.# (.#.......## #..#
#.#...##.##.##.....## #
...##.!g###..##..#.......# .
....### #.)#............# ###
.....# #.##....#.......#
..####....#..##..##...)....##


You could see a giant cockroach.

Vanquished Creatures
  2 adders
  A dart slug (D:1)
  A leopard gecko (D:2)
  3 giant cockroaches
  3 goblins
  6 hobgoblins
  3 jackals (D:2)
  A ball python (D:2)
  3 bats (D:2)
  8 kobolds
  3 rats
34 creatures vanquished.

Notes
Turn   | Place    | Note
-------+----------+-------------------------------------------
     0 | D:1      | Borgoz the Ghoul Enchanter began the quest for the Orb.
     0 | D:1      | Reached XP level 1. HP: 14/14 MP: 2/2
   222 | D:1      | Reached skill level 1 in Short Blades
   568 | D:1      | Reached XP level 2. HP: 19/22 MP: 3/3
   998 | D:1      | Learned a level 2 spell: Ensorcelled Hibernation
  1050 | D:1      | HP: 1/22 [adder (1)]
  1097 | D:2      | Reached XP level 3. HP: 23/26 MP: 4/4
  1412 | D:2      | Reached skill level 1 in Fighting
  2114 | D:2      | Reached XP level 4. HP: 4/35 MP: 1/5
  2127 | D:2      | HP: 1/35 [giant cockroach (2)]
  2134 | D:2      | Slain by a giant cockroach

Skill      XL: |  1  2  3 |
---------------+----------+-----
Short Blades   | 1 2 |  2.0
Dodging        | 2 |  2.6
Fighting       | 1 |  1.2
Stealth        | |  3.7
Spellcasting   | |  1.7
Hexes          | |  2.4

Action                   |  1- 3 |  4- 6 || total
-------------------------+-------+-------++-------
Melee: Short sword       |    24 |       ||    24
       Dagger            |   229 |    20 ||   249
 Cast: Corona            |     3 |       ||     3
  Use: Potion            |     7 |       ||     7
       Scroll            |     5 |       ||     5
 Stab: Sleeping          |     4 |       ||     4
       Invisible         |     1 |       ||     1
  Eat: Chunk             |    12 |       ||    12
Armor: Robe              |     1 |       ||     1
       Leather armour    |    71 |     3 ||    74
Dodge: Dodged            |   176 |    16 ||   192
